 Dungeon Crawl Stone Soup version 0.28-a0-1616-g050a50673c (webtiles) character file.

Game seed: 1861763330649052214

346 Shayle the Ducker (level 6, -1/47 HPs)
             Began as a Djinni Warper on Jan 23, 2022.
             Slain by a hound (3 damage)
             ... on level 3 of the Dungeon.
             The game lasted 00:11:43 (5277 turns).

Shayle the Ducker (Djinni Warper)                   Turns: 5277, Time: 00:11:44

Health: -1/47      AC:  3    Str: 16    XL:     6   Next: 90%
Gold:   84         EV: 13    Int: 16    God:
                   SH:  0    Dex: 13

rFire   + + .      SeeInvis .   l - +2 scythe (venom)
rCold   x . .      Faith    .   (shield currently unavailable)
rNeg    . . .      Spirit   .   a - +0 leather armour
rPois   ∞          Reflect  .   (no helmet)
rElec   .          Harm     .   (no cloak)
rCorr   .          Rampage  .   (no gloves)
Will    .....                   (boots unavailable)
Stlth   ++........              (no amulet)
HPRegen 0.15/turn               j - +6 ring of strength
MPRegen 0.00/turn               (no ring)

@: flying
A: sickness immunity, fire resistance 2, cold vulnerability 1, float, innate
caster, hp casting, extra vitality 1
a: no special abilities


You were on level 3 of the Dungeon.
You visited 1 branch of the dungeon, and saw 4 of its levels.

You collected 84 gold pieces.

Inventory:

Hand Weapons
 l - a +2 scythe of venom (weapon)
Missiles
 b - a silver boomerang (quivered)
Armour
 a - a +0 leather armour (worn)
Jewellery
 j - a +6 ring of strength (left hand)
Scrolls
 d - 2 scrolls of immolation {unknown}
 g - 2 scrolls of identify {unknown}
 k - 2 scrolls of teleportation {unknown}
 m - a scroll of enchant armour {unknown}
Potions
 e - 2 potions of flight
 h - a potion of berserk rage {unknown}
 i - a potion of haste {unknown}


   Skills:
 + Level 4.1 Fighting
 - Level 0.7 Throwing
 - Level 1.0 Armour
 + Level 4.6 Dodging
 + Level 3.1 Stealth
 - Level 2.0 Unarmed Combat
 - Level 2.4 Spellcasting


You couldn't memorise any spells.
You knew the following spells:

 Your Spells              Type           Power      Damage    Failure   Level
a - Blink                 Tloc           18%        N/A       14%         2
b - Lesser Beckoning      Tloc           9%         N/A       26%         3
c - Gell's Gravitas       Tloc           9%         N/A       26%         3
d - Teleport Other        Tloc           9%         N/A       26%         3
e - Manifold Assault      Tloc           9%         N/A       94%         5
f - Foxfire               Conj/Fire      36%        2x1d5     9%          1
g - Searing Ray           Conj           18%        2d5       14%         2
Your spell library was empty.

Dungeon Overview and Level Annotations

Branches:
Dungeon (4/15)
 Temple: D:4-7

Altars:


Innate Abilities, Weirdness & Mutations

You are immune to sickness and miasma.
You are immune to poison.
Your flesh is very heat resistant. (rF++)
You are vulnerable to cold. (rC-)
You float through the air rather than walking.
You learn spells naturally, not from books.
Your magical power is your life essence.
You have superior vitality. (+4 MHP)


Message History

The hound barely misses you.
Throw: 4 boomerangs (disperse)
Press: ? - help, Q - select action, (/) - cycle Shift-Dir - straight line, f/p - hound
Aim: a hound (48% to hit)
You throw a boomerang of dispersal.
The boomerang of dispersal hits the hound but does no damage.
The hound completely misses you. The hound closely misses you.
Throw: 3 boomerangs (disperse)
Press: ? - help, Q - select action, (/) - cycle Shift-Dir - straight line, f/p - hound
Aim: a hound (48% to hit)
You throw a boomerang of dispersal.
The boomerang of dispersal barely misses the hound.
The hound bites you but does no damage. The hound closely misses you.
Throw: 2 boomerangs (disperse)
Press: ? - help, Q - select action, (/) - cycle Shift-Dir - straight line, f/p - hound
Aim: a hound (48% to hit)
You throw a boomerang of dispersal.
The boomerang of dispersal hits the hound.
The hound blinks!
Throw: boomerang (disperse)
Press: ? - help, Q - select action, (/) - cycle Shift-Dir - straight line, f/p - hound
Aim: a hound (moderately wounded, 48% to hit)
You throw a boomerang of dispersal.
The boomerang of dispersal hits the hound but does no damage.
The hound is moderately wounded.
The hound misses you.
Throw: boomerang (silver)
Press: ? - help, Q - select action, (/) - cycle Shift-Dir - straight line, f/p - hound
Aim: a hound (moderately wounded, 48% to hit)
You throw a silver boomerang.
The silver boomerang closely misses the hound.
The hound barely misses you. The hound bites you.
* * * LOW HITPOINT WARNING * * *
You barely miss the hound.
The hound is moderately wounded.
The hound stops to sniff the ground.
The hound bites you.
* * * LOW HITPOINT WARNING * * *
The hound barely misses you. The hound bites you.
You die...

#.###.## #...(.# #....
#..#.#########.###.# #.###
###.#............# #.# #.#
.....###########.###.# #.#
.###.# #.....# #.#
..##.############....########.#
...#..........................#
#..[######.#.###.....##########
.#..# #.#.# #@#...# ##### #)#.#
#.#.# #h#...####...# #.#.#
#.#.# #............#
#.#.######.#.# #.##.#####...#
#.#........#.# #.##.# ##.###
#.#.########.###>##.# #...#
.#..###..........#..# ###.#
#...##.......###.#.## #.#
.[.........### #.#.# ####.####


You could see a hound.

Vanquished Creatures
  Sigmund (D:2)
  Jessica (D:2)
  Natasha (twice) (D:2)
  A hound skeleton (D:4)
  2 adders
  4 worms (D:2)
  2 dart slugs
  9 orcs
  6 endoplasms
  3 giant cockroaches
  9 hobgoblins
  4 jackals (D:2)
  4 kobolds
  2 quokkas (D:2)
  8 ball pythons
  4 bats
  6 frilled lizards
  4 goblins
  5 rats
77 creatures vanquished.

Vanquished Creatures (others)
  105 foxfires (D:2)
  2 plants (D:3)
107 creatures vanquished.

Grand Total: 184 creatures vanquished

Notes
Turn   | Place    | Note
-------+----------+-------------------------------------------
     0 | D:1      | Shayle the Djinni Warper began the quest for the Orb.
     0 | D:1      | Reached XP level 1. HP: 18/18 MP: 0/0
   652 | D:1      | Reached XP level 2. HP: 23/23 MP: 0/0
  1331 | D:1      | Reached skill level 1 in Stealth
  1652 | D:2      | Noticed Jessica
  1734 | D:3      | Reached XP level 3. HP: 29/29 MP: 0/0
  1734 | D:3      | Learned a level 1 spell: Foxfire
  1780 | D:2      | Noticed Sigmund
  2316 | D:2      | Reached XP level 4. HP: 33/34 MP: 0/0
  2405 | D:2      | Noticed Natasha
  2425 | D:2      | Killed Natasha
  2743 | D:2      | Killed Jessica
  2744 | D:2      | Reached XP level 5. HP: 35/40 MP: 0/0
  2744 | D:2      | Learned a level 2 spell: Searing Ray
  3230 | D:2      | Killed Sigmund
  3231 | D:2      | Reached XP level 6. HP: 34/47 MP: 0/0
  3490 | D:2      | Noticed Natasha
  3500 | D:2      | Killed Natasha
  3900 | D:3      | Found a faded altar of an unknown god.
  4327 | D:3      | HP: 2/47 [orc (3)]
  5236 | D:4      | Noticed an ogre
  5277 | D:3      | HP: 2/47 [hound (3)]
  5277 | D:3      | Slain by a hound

Illustrated notes

Levels and vault maps discovered:
D:1:      ncdulo_smallfort, layout_basic
D:2:      kennysheep_six_static_rooms, layout_basic, roderic_roman_lattice,
          supply_closet_lemuel, serial_park_tiny_2,
          chequers_serial_rivers_small_a, minmay_between, uniq_sigmund,
          uniq_jessica, uniq_natasha
D:3:      layout_loops_ring, shapermc_ecumenical_altar_rom_forum
D:4:      layout_cave_pods

Skill      XL: |  1  2  3  4  5  6 |
---------------+-------------------+-----
Stealth        | 1 2 3 |  3.1
Dodging        | 3 4 |  4.6
Fighting       | 3 4 |  4.1
Throwing       | |  0.7
Armour         | |  1.0
Unarmed Combat | |  2.0
Spellcasting   | |  2.4

Action                   |  1- 3 |  4- 6 || total
-------------------------+-------+-------++-------
Melee: Unarmed           |   103 |     9 ||   112
       Punch             |     2 |     1 ||     3
       Scythe            |       |    69 ||    69
Throw: Boomerang         |       |     6 ||     6
 Cast: Foxfire           |    24 |    35 ||    59
       Searing Ray       |       |     7 ||     7
  Use: Potion            |       |     4 ||     4
       Scroll            |       |     1 ||     1
 Stab: Sleeping          |     2 |     1 ||     3
       Distracted        |       |     1 ||     1
Armor: Leather armour    |    35 |    31 ||    66
Dodge: Dodged            |    92 |   123 ||   215

Table legend: (Time is in decaauts)
 A = Elapsed time spent in this place.
 B = Non-inter-level travel time spent in this place.
 C = Inter-level travel time spent in this place.
 D = Time resting spent in this place.
 E = Time spent auto-exploring this place.
 F = Levels seen in this place.
 G = Mean time per level.
                   A        B        C        D        E       F      G
               +--------+--------+--------+--------+--------+-----+--------+
         Total |   5352 |   5267 |     85 |   1398 |   2812 |   4 | 1338.0 |
       Dungeon |   5352 |   5267 |     85 |   1398 |   2812 |   4 | 1338.0 |
               +--------+--------+--------+--------+--------+-----+--------+

Top non-repeatable levels by time:
     D:2: 2250 daAuts
     D:1: 1931 daAuts
     D:3: 768 daAuts
     D:4: 401 daAuts
